 Dungeon Crawl Stone Soup version 0.26-a0-1053-gaff5f71418 (webtiles) character file.

Game seed: 17716317303245437751

35880 sahdkjhfkaj the Scorcher (level 13, -6/82 HPs)
             Began as a Tengu Fire Elementalist on Dec 12, 2020.
             Was a High Priest of Vehumet.
             Mangled by a cane toad (21 damage)
             ... on level 5 of the Lair of Beasts.
             The game lasted 00:36:51 (25506 turns).

sahdkjhfkaj the Scorcher (Tengu Fire Elementalist) Turns: 25506, Time: 00:36:51

Health: -6/82      AC:  4    Str:  8    XL:     13   Next: 86%
Magic:  38/46      EV: 15    Int: 22    God:    Vehumet [*****.]
Gold:   1111       SH: 10    Dex: 14    Spells: 2/32 levels left

rFire    . . .     SeeInvis .   b - staff of conjuration
rCold    . . .     Faith    .   N - +0 buckler
rNeg     . . .     Spirit   .   m - +0 robe
rPois    .         Reflect  +   (helmet restricted)
rElec    .         Harm     .   L - scarf {+Inv}
rCorr    .         Rampage  .   I - +1 pair of gloves
Will     .....                  (boots unavailable)
Stlth    ++........             j - amulet of reflection
HPRegen  0.23/turn              i - ring of magical power
MPRegen  0.30/turn              Q - ring of magical power

@: flying quickly and evasively, quick
A: beak, talons 3, able to fly
a: Stop Flying, Renounce Religion, Evoke Invisibility


You were on level 5 of the Lair of Beasts.
You worshipped Vehumet.
Vehumet was extremely pleased with you.
You visited 3 branches of the dungeon, and saw 18 of its levels.

You collected 1111 gold pieces.

Inventory:

Hand Weapons
 a - a +2 dagger of venom
Missiles
 c - 2 curare-tipped darts
Armour
 m - a +0 robe (worn)
 I - a +1 pair of gloves (worn)
 L - a scarf of invisibility (worn)
 N - a +0 buckler (worn)
 Z - the +3 kite shield of Prudence {Will++ Str+4}
   (You acquired it on level 1 of the Lair of Beasts)

   It affects your strength (+4).
   It affects your willpower, your defense against some magical effects.
Magical Staves
 b - an uncursed staff of conjuration (weapon)
Jewellery
 d - an uncursed ring of protection from cold
 i - a ring of magical power (left hand)
 j - an amulet of reflection (around neck)
 y - an uncursed ring of poison resistance
 A - an uncursed ring of resist corrosion
 F - a +4 ring of evasion {unknown}
 Q - a ring of magical power (right hand)
 S - the ring "Wuoseti" {rC++ Int+4 Stlth-}
   (You took it off a yaktaur on level 11 of the Dungeon)

   [ring of attention]

   It affects your intelligence (+4).
   It greatly protects you from cold.
   It makes you less stealthy.
Wands
 x - a wand of paralysis (30)
 z - a wand of enslavement (9)
 H - a wand of polymorph (6)
 M - a wand of disintegration (10)
 O - a wand of random effects (13)
Scrolls
 e - 2 scrolls of fog {!r}
 h - a scroll of noise {!r}
 k - 4 scrolls of teleportation {!r}
 l - a scroll of identify {!r}
 o - 6 scrolls of enchant armour {!r}
 r - 6 scrolls of amnesia {!r}
 s - 3 scrolls of fear {!r}
 B - 5 scrolls of magic mapping {!r}
 C - a scroll of enchant weapon {!r}
 G - 2 scrolls of immolation {!r}
 J - a scroll of holy word {!r}
 U - 10 scrolls of remove curse {!r}
Potions
 f - 3 potions of mutation {!q}
 g - 4 potions of magic {!q}
 n - 2 potions of berserk rage {!q}
 p - 3 potions of cancellation {!q}
 q - 3 potions of lignification {!q}
 t - 2 potions of curing {!q}
 u - 3 potions of ambrosia {!q, unknown}
 v - 3 potions of haste {!q, unknown}
 w - 2 potions of invisibility {!q, unknown}
 E - 2 potions of brilliance {!q, unknown}
 R - a potion of might {!q, unknown}
 W - 2 potions of attraction {!q, unknown}


   Skills:
 - Level 10.0 Fighting
 - Level 2.1 Dodging
 - Level 2.0 Stealth
 - Level 4.0 Shields
 - Level 10.0 Spellcasting
 + Level 13.6 Conjurations
 - Level 3.0 Necromancy
 + Level 1.5 Transmutations
 - Level 15.1 Fire Magic


You had 2 spell levels left.
You knew the following spells:

 Your Spells              Type           Power        Failure   Level
a - Foxfire               Conj/Fire      ####         0%          1
d - Sticky Flame          Conj/Fire      #######.     1%          4
f - Fireball              Conj/Fire      #######...   1%          5
x - Orb of Destruction    Conj           #######...   5%          7
A - Irradiate             Conj/Tmut      ######....   2%          5
K - Animate Skeleton      Necr           ###...       1%          1
W - Spellforged Servitor  Conj/Summ      ######....   58%         7

Your spell library contained the following spells:

 Spells                   Type           Power        Failure   Level
 Dazzling Flash           Conj/Hex       ######       1%          3
 Magic Dart               Conj           ####         0%          1
 Freeze                   Ice            ##..         1%          1
 Pain                     Necr           ###.         1%          1
 Apportation              Tloc           ##....       6%          1
 Corona                   Hex            ##.....      6%          1
 Summon Small Mammal      Summ           ##..         6%          1
 Blink                    Tloc           N/A          9%          2
 Call Imp                 Summ           ##......     9%          2
 Poisonous Vapours        Pois/Air       ##....       9%          2
 Slow                     Hex            ##......     9%          2
 Conjure Flame            Conj/Fire      #######.     1%          3
 Ignite Poison            Fire/Tmut/Pois #####...     1%          3
 Inner Flame              Hex/Fire       #####...     1%          3
 Mephitic Cloud           Conj/Pois/Air  #####...     1%          3
 Hailstorm                Conj/Ice       ######..     1%          4
 Bolt of Magma            Conj/Fire/Erth ######....   1%          5
 Iskenderun's Battlesphe  Conj           #######.     1%          5
 Frozen Ramparts          Ice            ##....       5%          3
 Vampiric Draining        Necr           ###.......   5%          3
 Spider Form              Tmut/Pois      ##........   13%         3
 Iron Shot                Conj/Erth      ######....   16%         6
 Animate Dead             Necr           ###.......   17%         4
 Lesser Beckoning         Tloc           ##........   19%         3
 Ozocubu's Armour         Ice            ##......     19%         3
 Tukima's Dance           Hex            ##......     19%         3
 Yara's Violent Unravell  Hex/Tmut       ##........   30%         5
 Freezing Cloud           Conj/Ice/Air   #####.....   34%         6
 Agony                    Necr           ###.....     43%         5
 Summon Ice Beast         Ice/Summ       ##......     52%         4
 Blade Hands              Tmut           ###.......   65%         5
 Alistair's Intoxication  Tmut/Pois      ##.......    77%         5
 Invisibility             Hex            ##......     100%        6
 Statue Form              Tmut/Erth      ##.......    100%        6
 Dragon Form              Tmut           ###.......   100%        7


Dungeon Overview and Level Annotations

Branches:
Dungeon (11/15)            Temple (1/1) D:6            Lair (6/6) D:11
 Shoals (0/4) Lair:3        Snake (0/4) Lair:2          Orc (0/2) D:10
  Slime: Lair:5-6

Altars:
Ashenzari
Cheibriados
Dithmenos
Elyvilon
Fedhas
Gozag
Hepliaklqana
Kikubaaqudgha
Makhleb
Nemelex Xobeh
Okawaru
Qazlal
Ru
Sif Muna
Trog
Uskayaw
Vehumet
Wu Jian
Xom
Yredelemnul
Zin
The Shining One

Annotations:
D:1 exclusion: leopard gecko
D:3 Grinder, Ijyb
D:6 exclusion: wraith
D:10 hellwing
Lair:1 1 exclusion
Lair:6 exclusion: hydra


Innate Abilities, Weirdness & Mutations

You have a beak for a mouth.
You have claws for feet.
You can fly continuously.


Message History

A bullfrog comes into view.
A yak comes into view.
The cane toad stings you!
* * * LOW HITPOINT WARNING * * *
A yak comes into view.
The yak bellows! x2
The yak completely misses you.
A yak comes into view.
A five-headed hydra comes into view.
Unknown command.
Unknown command.
Unknown command.
The blink frog blinks!
A yak comes into view.
The blink frog blinks!
Unknown command.
The yak bellows!
The yak gores you.
* * * LOW HITPOINT WARNING * * *
The cane toad stings you!!
You die...

.......# .. .......# .#
......# J. #....# #..YP#
# ##....# ##. #.....#
##.... #.....#######..
#.#J...##....YY@.......
.........D....YF#.###...
..S..........FF####
.Y..k...##..Jkl##
........###.....#
...#....#.......#
.......#.#...JD.##
...#....#.Y......##
...#....#.........#


You could see a five-headed hydra (wandering), a komodo dragon, 4 yaks, 2 cane
toads, a rime drake, a bullfrog and an ooze.

Vanquished Creatures
  Fannar (D:11)
  3 hydras
  2 centaur warriors (D:11)
  2 two-headed ogres
  7 death yaks
  An unseen horror (D:11)
  An orc knight (D:11)
  A manticore (D:10)
  2 centaur zombies (D:11)
  3 black mambas
  3 merfolk sirens (Lair:3)
  10 elephants
  4 cane toads
  A torpor snail (Lair:2)
  2 rime drakes
  A yaktaur (D:11)
  A centaur skeleton (D:11)
  6 komodo dragons
  2 trolls (D:10)
  A merfolk (Lair:3)
  2 tengu conjurers (D:11)
  12 blink frogs
  3 dream sheep
  2 wraiths
  A wyvern (D:10)
  13 yaks
  2 basilisks
  Grum (D:11)
  Eustachio (D:4)
  A steam dragon (D:11)
  Edmund (D:5)
  2 nagas (Lair:2)
  A warg (D:10)
  5 water moccasins
  3 phantoms
  7 orc warriors
  An eye of draining (D:6)
  An ice beast (D:8)
  4 sky beasts
  2 black bears
  4 ogres
  7 wolves
  6 centaurs
  3 big kobolds
  15 bullfrogs
  2 gnoll sergeants (D:10)
  7 scorpions
  5 killer bees
  4 wights
  4 howler monkeys
  2 electric eels
  2 bullfrog zombies (D:5)
  A quasit (D:9)
  5 hounds
  3 jellies
  5 orc priests
  16 orc wizards
  2 iguanas (D:9)
  Jessica (D:2)
  14 worker ants
  2 hound zombies
  A hound skeleton (D:8)
  22 gnolls
  A howler monkey skeleton (D:11)
  10 adders
  4 white imps
  2 ufetubi
  An adder skeleton (D:4)
  An adder zombie (D:5)
  3 worms
  A dart slug (D:2)
  9 leopard geckos
  54 orcs
  4 bats
  9 giant cockroaches
  7 goblins
  5 hobgoblins
  9 jackals
  6 quokkas
  2 ball pythons
  4 frilled lizards
  17 kobolds
  A leopard gecko zombie (D:5)
  3 rats (D:2)
405 creatures vanquished.

Vanquished Creatures (collateral kills)
  An orc priest (D:11)
  An orc wizard (D:11)
  2 foxfires (D:5)
4 creatures vanquished.

Vanquished Creatures (others)
  942 foxfires
  30 fungi
  18 plants
990 creatures vanquished.

Grand Total: 1399 creatures vanquished

Notes
Turn   | Place    | Note
-------+----------+-------------------------------------------
     0 | D:1      | sahdkjhfkaj the Tengu Fire Elementalist began the quest for
                  | the Orb.
     0 | D:1      | Reached XP level 1. HP: 10/10 MP: 4/4
   248 | D:1      | Found an iron altar of Okawaru.
   471 | D:1      | Reached XP level 2. HP: 15/15 MP: 3/6
  1324 | D:2      | Reached skill level 1 in Fighting
  1324 | D:2      | Reached XP level 3. HP: 20/20 MP: 7/7
  1834 | D:2      | Found a glowing silver altar of Zin.
  2003 | D:2      | Reached skill level 4 in Fire Magic
  2048 | D:2      | Noticed Jessica
  2051 | D:2      | Killed Jessica
  2052 | D:2      | Reached XP level 4. HP: 26/26 MP: 8/8
  2113 | D:2      | Found a hazy altar of Hepliaklqana.
  2255 | D:3      | Gained mutation: You can fly continuously. [Tengu growth]
  2255 | D:3      | Reached XP level 5. HP: 22/31 MP: 8/9
  2417 | D:3      | You are sucked into a shaft and drop 2 floors!
  2417 | D:5      | Entered Level 5 of the Dungeon
  2798 | D:4      | Reached skill level 5 in Fire Magic
  2970 | D:4      | Reached XP level 6. HP: 37/37 MP: 10/10
  3462 | D:3      | Noticed Ijyb
  3680 | D:3      | Noticed Grinder
  3687 | D:3      | Learned a level 4 spell: Sticky Flame
  4178 | D:4      | Noticed Eustachio
  4190 | D:4      | Killed Eustachio
  4191 | D:4      | Reached skill level 6 in Fire Magic
  4191 | D:4      | Reached XP level 7. HP: 44/44 MP: 9/11
  4701 | D:4      | Learned a level 5 spell: Fireball
  5104 | D:5      | Reached skill level 5 in Conjurations
  5113 | D:5      | TerrariaFan: wut rob du yu hav
  5113 | D:5      | sahdkjhfkaj: ?
  5336 | D:5      | TerrariaFan: what robe do you have
  5349 | D:5      | TerrariaFan: S
  5349 | D:5      | TerrariaFan: t
  5349 | D:5      | TerrariaFan: u
  5349 | D:5      | TerrariaFan: pi
  5349 | D:5      | TerrariaFan: d
  5349 | D:5      | Reached skill level 5 in Fighting
  5349 | D:5      | Reached XP level 8. HP: 49/49 MP: 9/12
  5472 | D:5      | Noticed Edmund
  5479 | D:5      | Killed Edmund
  5480 | D:5      | Reached skill level 7 in Fire Magic
  6118 | D:5      | Learned a level 1 spell: Animate Skeleton
  6164 | D:5      | Found a snail-covered altar of Cheibriados.
  6373 | D:6      | Found a bloodstained altar of Trog.
  6537 | D:6      | Found a staircase to the Ecumenical Temple.
  6550 | Temple   | Entered the Ecumenical Temple
  6863 | Temple   | Became a worshipper of Vehumet
  7169 | D:6      | Reached skill level 8 in Fire Magic
  7199 | D:6      | Reached XP level 9. HP: 56/56 MP: 3/13
  7844 | D:6      | TerrariaFan: V A U L T
  8057 | D:7      | TerrariaFan: T L U A V
  8242 | D:7      | TerrariaFan: Do u wanna play papas _____eria?
  8374 | D:7      | Reached * piety under Vehumet
  8374 | D:7      | Offered knowledge of Freeze by Vehumet.
  8548 | D:7      | Reached skill level 9 in Fire Magic
  9304 | D:7      | Found an iron altar of Okawaru.
  9349 | D:7      | TerrariaFan: Do u Do u Do u beh
  9459 | D:7      | TerrariaFan: Do u Do u Do u beh
  9532 | D:7      | TerrariaFan: Do u wanna play papas _____eria?
  9611 | D:7      | TerrariaFan: Do u wanna play papas _____eria?
  9612 | D:6      | TerrariaFan: Do u Do u Do u beh
  9612 | D:6      | TerrariaFan: Do u Do u Do u beh
  9628 | D:7      | TerrariaFan: Do u Do u Do u beh
  9651 | D:7      | TerrariaFan: Do u Do u Do u beh
  9972 | D:8      | Noticed a two-headed ogre
 10362 | D:8      | Reached skill level 10 in Fire Magic
 10771 | D:8      | Reached XP level 10. HP: 55/66 MP: 14/14
 10846 | D:8      | sahdkjhfkaj: no
 11041 | D:8      | TerrariaFan: no = yes
 11043 | D:9      | TerrariaFan: thanks
 11085 | D:9      | Offered knowledge of Magic Dart by Vehumet.
 11175 | D:9      | Reached ** piety under Vehumet
 11654 | D:9      | Found a broken altar of Ashenzari.
 11654 | D:9      | Found a hide-covered altar of Uskayaw.
 11659 | D:9      | Found an opulent altar of Gozag.
 11893 | D:9      | Found an ancient bone altar of Kikubaaqudgha.
 12266 | D:9      | Found an ornate altar of the Wu Jian Council.
 12755 | D:10     | Entered Level 10 of the Dungeon
 12755 | D:10     | Noticed a two-headed ogre
 12763 | D:9      | HP: 1/68 [two-headed ogre/+0 giant spiked club (17)]
 12764 | D:9      | Killed a two-headed ogre
 13203 | D:10     | Noticed a manticore
 13371 | D:9      | Offered knowledge of Searing Ray by Vehumet.
 13539 | D:10     | Killed a manticore
 13540 | D:10     | Reached skill level 10 in Fighting
 13540 | D:10     | Reached skill level 10 in Conjurations
 13912 | D:10     | Found a transporter.
 13916 | D:10     | Noticed a kobold demonologist
 13918 | D:10     | Noticed an orc high priest
 13921 | D:10     | Noticed an orc high priest
 14521 | D:10     | Found a transporter.
 14539 | D:10     | Reached *** piety under Vehumet
 14579 | D:10     | Reached skill level 5 in Spellcasting
 14579 | D:10     | Reached XP level 11. HP: 72/72 MP: 14/19
 14991 | D:10     | Offered knowledge of Ignite Poison by Vehumet.
 15274 | D:10     | Found a staircase to the Orcish Mines.
 15655 | D:10     | HP: 1/72 [hellwing[an orc high priest] (10)]
 16402 | D:11     | Noticed Fannar
 16408 | D:11     | Killed Fannar
 16409 | D:11     | Reached skill level 1 in Shields
 16427 | D:11     | Noticed a two-headed ogre
 16613 | D:11     | Killed a two-headed ogre
 17047 | D:11     | Noticed Grum
 17054 | D:11     | Killed Grum
 17309 | D:11     | Learned a level 7 spell: Orb of Destruction
 17488 | D:11     | Reached **** piety under Vehumet
 17546 | D:11     | Noticed an orc knight
 17552 | D:11     | Killed an orc knight
 17563 | D:11     | Identified the ring "Wuoseti" {rC++ Int+4 Stlth-}
 17734 | D:11     | Noticed an unseen horror
 17739 | D:11     | Killed an unseen horror
 17949 | D:11     | Noticed a centaur warrior
 17958 | D:11     | Noticed a centaur warrior
 17959 | D:11     | Killed a centaur warrior
 17960 | D:11     | Reached XP level 12. HP: 66/77 MP: 11/26
 17966 | D:11     | Noticed a seven-headed hydra
 19616 | D:11     | Killed a seven-headed hydra
 19617 | D:11     | Reached skill level 10 in Spellcasting
 19687 | D:11     | Found a staircase to the Lair.
 19771 | D:11     | Killed a centaur warrior
 20140 | Lair:1   | Entered Level 1 of the Lair of Beasts
 20241 | Lair:1   | Reached skill level 11 in Fire Magic
 20411 | Lair:1   | Noticed a five-headed hydra
 20451 | Lair:1   | Offered knowledge of Dazzling Flash by Vehumet.
 20617 | Lair:1   | Killed a five-headed hydra
 20790 | Lair:1   | Identified 2 scrolls of acquirement {!r}
 20791 | Lair:1   | Acquired the +3 kite shield of Prudence {Will++ Str+4}
 20801 | Lair:1   | Reached skill level 12 in Fire Magic
 20817 | Lair:1   | TerrariaFan: Do u Do u Do u beh
 20817 | Lair:1   | TerrariaFan: Do u Do u Do u beh
 20818 | Lair:1   | TerrariaFan: Do u Do u Do u beh
 20819 | Lair:1   | TerrariaFan: Do u Do u Do u beh
 20819 | Lair:1   | TerrariaFan: Do u Do u Do u beh
 20819 | Lair:1   | TerrariaFan: Do u Do u Do u beh
 20819 | Lair:1   | TerrariaFan: Do u Do u Do u beh
 20819 | Lair:1   | TerrariaFan: Do u Do u Do u beh
 20819 | Lair:1   | TerrariaFan: Do u Do u Do u beh
 20819 | Lair:1   | TerrariaFan: Do u Do u Do u beh
 20819 | Lair:1   | TerrariaFan: Do u Do u Do u beh
 20819 | Lair:1   | TerrariaFan: Do u Do u Do u beh
 20820 | Lair:1   | TerrariaFan: Do u Do u Do u beh
 20820 | Lair:1   | TerrariaFan: Do u Do u Do u beh
 20949 | Lair:1   | TerrariaFan: Do u Do u Do u beh
 20949 | Lair:1   | TerrariaFan: Do u Do u Do u beh
 20949 | Lair:1   | TerrariaFan: Do u Do u Do u beh
 20950 | Lair:1   | TerrariaFan: Do u Do u Do u beh
 20950 | Lair:1   | TerrariaFan: Do u Do u Do u beh
 20951 | Lair:1   | TerrariaFan: Do u Do u Do u beh
 20980 | Lair:1   | TerrariaFan: Do u Do u Do u beh
 21072 | Lair:1   | TerrariaFan: Do u Do u Do u beh
 21091 | Lair:1   | TerrariaFan: Do u Do u Do u beh
 21092 | Lair:1   | TerrariaFan: Do u Do u Do u beh
 21092 | Lair:1   | TerrariaFan: Do u Do u Do u beh
 21092 | Lair:1   | TerrariaFan: Do u Do u Do u beh
 21093 | Lair:1   | TerrariaFan: Do u Do u Do u beh
 21121 | Lair:1   | TerrariaFan: Do u Do u Do u beh
 21332 | Lair:1   | TerrariaFan: Do u Do u Do u beh
 21352 | Lair:1   | TerrariaFan:
                  | ...........................................................
                  | ...........................................................
                  | ...........................................................
                  | ...........................................................
                  | ...........................................................
                  | ...........................................................
                  | ...........................................................
                  | ...........................................................
                  | ...........................................................
                  | ...........................................................
                  | ...........................................................
                  | ...........................................................
                  | ...........................................................
                  | ...........................................................
                  | ...........................................................
                  | ......
 21352 | Lair:1   | Acquired the Compendium of Mutagenic Envenoming
 21360 | Lair:1   | Learned a level 5 spell: Irradiate
 21369 | Lair:1   | Learned a level 7 spell: Spellforged Servitor
 21398 | Lair:2   | Found a staircase to the Snake Pit.
 21404 | Lair:2   | Noticed a six-headed hydra
 21408 | Lair:2   | Killed a six-headed hydra
 21776 | Lair:2   | Reached skill level 13 in Fire Magic
 21975 | Lair:2   | Reached skill level 14 in Fire Magic
 21975 | Lair:2   | Reached XP level 13. HP: 42/82 MP: 3/28
 22366 | Lair:2   | TerrariaFan:
                  | ...........................................................
                  | ...........................................................
                  | ...........................................................
                  | ...........................................................
                  | ...........................................................
                  | ...........................................................
                  | ...........................................................
                  | ...........................................................
                  | ...........................................................
                  | ...........................................................
                  | ...........................................................
                  | ...........................................................
                  | ...........................................................
                  | ...........................................................
                  | ...........................................................
                  | ......
 22366 | Lair:2   | TerrariaFan:
                  | ...........................................................
                  | ...........................................................
                  | ...........................................................
                  | ...........................................................
                  | ...........................................................
                  | ...........................................................
                  | ...........................................................
                  | ...........................................................
                  | ...........................................................
                  | ...........................................................
                  | ...........................................................
                  | ...........................................................
                  | ...........................................................
                  | ...........................................................
                  | ...........................................................
                  | ......
 22366 | Lair:2   | TerrariaFan:
                  | ...........................................................
                  | ...........................................................
                  | ...........................................................
                  | ...........................................................
                  | ...........................................................
                  | ...........................................................
                  | ...........................................................
                  | ...........................................................
                  | ...........................................................
                  | ...........................................................
                  | ...........................................................
                  | ...........................................................
                  | ...........................................................
                  | ...........................................................
                  | ...........................................................
                  | ......
 22366 | Lair:2   | TerrariaFan:
                  | ...........................................................
                  | ...........................................................
                  | ...........................................................
                  | ...........................................................
                  | ...........................................................
                  | ...........................................................
                  | ...........................................................
                  | ...........................................................
                  | ...........................................................
                  | ...........................................................
                  | ...........................................................
                  | ...........................................................
                  | ...........................................................
                  | ...........................................................
                  | ...........................................................
                  | ......
 22366 | Lair:2   | TerrariaFan:
                  | ...........................................................
                  | ...........................................................
                  | ...........................................................
                  | ...........................................................
                  | ...........................................................
                  | ...........................................................
                  | ...........................................................
                  | ...........................................................
                  | ...........................................................
                  | ...........................................................
                  | ...........................................................
                  | ...........................................................
                  | ...........................................................
                  | ...........................................................
                  | ...........................................................
                  | ......
 22366 | Lair:2   | TerrariaFan:
                  | ...........................................................
                  | ...........................................................
                  | ...........................................................
                  | ...........................................................
                  | ...........................................................
                  | ...........................................................
                  | ...........................................................
                  | ...........................................................
                  | ...........................................................
                  | ...........................................................
                  | ...........................................................
                  | ...........................................................
                  | ...........................................................
                  | ...........................................................
                  | ...........................................................
                  | ......
 22366 | Lair:2   | TerrariaFan:
                  | ...........................................................
                  | ...........................................................
                  | ...........................................................
                  | ...........................................................
                  | ...........................................................
                  | ...........................................................
                  | ...........................................................
                  | ...........................................................
                  | ...........................................................
                  | ...........................................................
                  | ...........................................................
                  | ...........................................................
                  | ...........................................................
                  | ...........................................................
                  | ...........................................................
                  | ......
 22366 | Lair:2   | TerrariaFan:
                  | ...........................................................
                  | ...........................................................
                  | ...........................................................
                  | ...........................................................
                  | ...........................................................
                  | ...........................................................
                  | ...........................................................
                  | ...........................................................
                  | ...........................................................
                  | ...........................................................
                  | ...........................................................
                  | ...........................................................
                  | ...........................................................
                  | ...........................................................
                  | ...........................................................
                  | ......
 22366 | Lair:2   | TerrariaFan:
                  | ...........................................................
                  | ...........................................................
                  | ...........................................................
                  | ...........................................................
                  | ...........................................................
                  | ...........................................................
                  | ...........................................................
                  | ...........................................................
                  | ...........................................................
                  | ...........................................................
                  | ...........................................................
                  | ...........................................................
                  | ...........................................................
                  | ...........................................................
                  | ...........................................................
                  | ......
 22366 | Lair:2   | TerrariaFan:
                  | ...........................................................
                  | ...........................................................
                  | ...........................................................
                  | ...........................................................
                  | ...........................................................
                  | ...........................................................
                  | ...........................................................
                  | ...........................................................
                  | ...........................................................
                  | ...........................................................
                  | ...........................................................
                  | ...........................................................
                  | ...........................................................
                  | ...........................................................
                  | ...........................................................
                  | ......
 22366 | Lair:2   | TerrariaFan:
                  | ...........................................................
                  | ...........................................................
                  | ...........................................................
                  | ...........................................................
                  | ...........................................................
                  | ...........................................................
                  | ...........................................................
                  | ...........................................................
                  | ...........................................................
                  | ...........................................................
                  | ...........................................................
                  | ...........................................................
                  | ...........................................................
                  | ...........................................................
                  | ...........................................................
                  | ......
 22366 | Lair:2   | TerrariaFan:
                  | ...........................................................
                  | ...........................................................
                  | ...........................................................
                  | ...........................................................
                  | ...........................................................
                  | ...........................................................
                  | ...........................................................
                  | ...........................................................
                  | ...........................................................
                  | ...........................................................
                  | ...........................................................
                  | ...........................................................
                  | ...........................................................
                  | ...........................................................
                  | ...........................................................
                  | ......
 22366 | Lair:2   | TerrariaFan:
                  | ...........................................................
                  | ...........................................................
                  | ...........................................................
                  | ...........................................................
                  | ...........................................................
                  | ...........................................................
                  | ...........................................................
                  | ...........................................................
                  | ...........................................................
                  | ...........................................................
                  | ...........................................................
                  | ...........................................................
                  | ...........................................................
                  | ...........................................................
                  | ...........................................................
                  | ......
 22366 | Lair:2   | TerrariaFan:
                  | ...........................................................
                  | ...........................................................
                  | ...........................................................
                  | ...........................................................
                  | ...........................................................
                  | ...........................................................
                  | ...........................................................
                  | ...........................................................
                  | ...........................................................
                  | ...........................................................
                  | ...........................................................
                  | ...........................................................
                  | ...........................................................
                  | ...........................................................
                  | ...........................................................
                  | ......
 22366 | Lair:2   | TerrariaFan:
                  | ...........................................................
                  | ...........................................................
                  | ...........................................................
                  | ...........................................................
                  | ...........................................................
                  | ...........................................................
                  | ...........................................................
                  | ...........................................................
                  | ...........................................................
                  | ...........................................................
                  | ...........................................................
                  | ...........................................................
                  | ...........................................................
                  | ...........................................................
                  | ...........................................................
                  | ......
 22366 | Lair:2   | TerrariaFan:
                  | ...........................................................
                  | ...........................................................
                  | ...........................................................
                  | ...........................................................
                  | ...........................................................
                  | ...........................................................
                  | ...........................................................
                  | ...........................................................
                  | ...........................................................
                  | ...........................................................
                  | ...........................................................
                  | ...........................................................
                  | ...........................................................
                  | ...........................................................
                  | ...........................................................
                  | ......
 22366 | Lair:2   | TerrariaFan:
                  | ...........................................................
                  | ...........................................................
                  | ...........................................................
                  | ...........................................................
                  | ...........................................................
                  | ...........................................................
                  | ...........................................................
                  | ...........................................................
                  | ...........................................................
                  | ...........................................................
                  | ...........................................................
                  | ...........................................................
                  | ...........................................................
                  | ...........................................................
                  | ...........................................................
                  | ......
 22366 | Lair:2   | TerrariaFan:
                  | ...........................................................
                  | ...........................................................
                  | ...........................................................
                  | ...........................................................
                  | ...........................................................
                  | ...........................................................
                  | ...........................................................
                  | ...........................................................
                  | ...........................................................
                  | ...........................................................
                  | ...........................................................
                  | ...........................................................
                  | ...........................................................
                  | ...........................................................
                  | ...........................................................
                  | ......
 22366 | Lair:2   | TerrariaFan:
                  | ...........................................................
                  | ...........................................................
                  | ...........................................................
                  | ...........................................................
                  | ...........................................................
                  | ...........................................................
                  | ...........................................................
                  | ...........................................................
                  | ...........................................................
                  | ...........................................................
                  | ...........................................................
                  | ...........................................................
                  | ...........................................................
                  | ...........................................................
                  | ...........................................................
                  | ......
 23355 | Lair:2   | Reached skill level 15 in Fire Magic
 24619 | Lair:3   | Found a staircase to the Shoals.
 25272 | Lair:4   | Reached skill level 1 in Transmutations
 25405 | Lair:4   | You are sucked into a shaft and drop 2 floors!
 25405 | Lair:6   | Entered Level 6 of the Lair of Beasts
 25488 | Lair:5   | Reached ***** piety under Vehumet
 25506 | Lair:5   | Mangled by a cane toad

Illustrated notes

Levels and vault maps discovered:
D:1:      mrwooster_arrival_statue_2, layout_basic, okawaru_ov_weapons_minmay
D:2:      layout_basic, lemuel_doored_altar, nicolae_overflow_hidden_temple,
          uniq_jessica
D:3:      layout_basic, portal_sewer_entry_f, uniq_grinder, uniq_ijyb
D:4:      layout_rooms, serial_glass, glass_columns_c, glass_columns_a,
          kennysheep_big_empty_room, kennysheep_generic_room_8, uniq_eustachio
D:5:      layout_basic, kennysheep_little_box, uniq_edmund
D:6:      layout_rooms, trog_eyes_of_draining, minmay_temple_entry_water_ring,
          chequers_serial_rivers_micro_b, minivault_22,
          hangedman_decor_clover_reticule, grunt_ministairs_7,
          kennysheep_path_1, minmay_misc_feat_rows
D:7:      layout_cave_pods, kennysheep_mini_moat
D:8:      layout_basic, serial_aquarium, aquarium_bridge_island_small
          [aquarium_subvault_small_open, aquarium_subvault_wall,
          aquarium_subvault_bridge, aquarium_subvault_bridge,
          aquarium_subvault_wall], aquarium_window_3, aquarium_window_2,
          aquarium_view_2e, aquarium_view_2d
D:9:      layout_basic, kennysheep_mini, nicolae_overflow_crystal_walls,
          gammafunk_temple_overflow_claw
D:10:     gammafunk_wand_slinger, layout_cave_pools, david_orc_1_choice,
          nicolae_lava_and_water, minmay_misc_feat_alley
D:11:     minmay_the_grid_triangle_9x9_rhombus_full_mashed
          [minmay_the_grid_triangle_9x9_dagger,
          minmay_the_grid_triangle_9x9_flanged_cone,
          minmay_the_grid_triangle_9x9_thin_v,
          minmay_the_grid_triangle_9x9_minimal,
          minmay_the_grid_triangle_9x9_negative_grid,
          minmay_the_grid_triangle_9x9_zippers_vertical,
          minmay_the_grid_triangle_9x9_sprig,
          minmay_the_grid_triangle_9x9_prize_schism], layout_stronghold,
          lair_entry_dummy, uniq_grum, uniq_fannar
Temple:   hc_temple_tempest_star
Lair:1:   layout_chaotic_city, minmay_stone_trees_small,
          chequers_serial_rivers_room_a, beast_lair_carwin_11,
          grunt_megastairs_4
Lair:2:   layout_regular_city, guppyfry_snake_entry_island,
          infiniplex_staircase_pool, serial_bayou_shore_b
Lair:3:   layout_regular_city, elwin_shoals_entry_rooms,
          chequers_serial_rivers_large_a
Lair:4:   layout_regular_city, bobbens_ice_dragon_lair
Lair:5:   lemuel_slime, layout_gridlike, slime_altar_1
Lair:6:   evilmike_catoblepas_cave, layout_gridlike, serial_bayou_lagoon_b,
          lemuel_fruit_tree

Skill      XL: |  1  2  3  4  5  6  7  8  9 10 11 12 13 |
---------------+----------------------------------------+-----
Conjurations   | 2 3 6 10 13 | 13.6
Fighting       | 1 2 3 4 5 6 9 10 | 10.0
Fire Magic     | 4 5 6 8 10 14 15 | 15.1
Necromancy     | 3 |  3.0
Spellcasting   | 5 9 10 | 10.0
Shields        | 4 |  4.0
Transmutations | 1 |  1.5
Dodging        | |  2.1
Stealth        | |  2.0

Action                   |  1- 3 |  4- 6 |  7- 9 | 10-12 | 13-15 || total
-------------------------+-------+-------+-------+-------+-------++-------
Melee: Unarmed           |     3 |       |       |       |       ||     3
       Dagger            |    29 |    40 |    94 |   145 |       ||   308
       Kick              |    11 |     9 |    19 |    40 |       ||    79
       Peck              |     1 |     5 |    19 |    27 |       ||    52
       Staff             |       |       |       |     1 |     2 ||     3
 Cast: Foxfire           |    70 |    97 |   420 |    57 |       ||   644
       Sticky Flame      |       |       |    10 |    28 |       ||    38
       Fireball          |       |       |     1 |   207 |    97 ||   305
       Animate Skeleton  |       |       |       |     1 |       ||     1
 Abil: Fly               |       |     1 |       |       |       ||     1
Evoke: Wand              |       |       |       |     1 |       ||     1
  Use: Scroll            |     2 |     6 |    10 |    12 |     8 ||    38
       Potion            |       |       |       |     5 |     2 ||     7
 Stab: Sleeping          |     1 |     3 |     2 |     3 |       ||     9
Armor: Robe              |     7 |     4 |    11 |    15 |     3 ||    40
Dodge: Dodged            |    13 |    42 |   109 |   162 |    19 ||   345
Block: Other             |     6 |     4 |    33 |    32 |       ||    75
       Reflection        |       |       |     3 |     6 |     1 ||    10
       Buckler           |       |       |       |    52 |    25 ||    77

Table legend: (Time is in decaauts)
 A = Elapsed time spent in this place.
 B = Non-inter-level travel time spent in this place.
 C = Inter-level travel time spent in this place.
 D = Time resting spent in this place.
 E = Time spent auto-exploring this place.
 F = Levels seen in this place.
 G = Mean time per level.
                   A        B        C        D        E       F      G
               +--------+--------+--------+--------+--------+-----+--------+
         Total |  24650 |  23765 |    885 |   6017 |  14713 |  18 | 1369.4 |
       Dungeon |  19220 |  18658 |    562 |   4906 |  11278 |  11 | 1747.3 |
        Temple |    301 |    239 |     62 |      0 |    236 |   1 |  301.0 |
          Lair |   5128 |   4868 |    260 |   1110 |   3198 |   6 |  854.7 |
               +--------+--------+--------+--------+--------+-----+--------+

Top non-repeatable levels by time:
    D:11: 3582 daAuts
     D:9: 3144 daAuts
  Lair:2: 2294 daAuts
    D:10: 2155 daAuts
     D:5: 1709 daAuts
     D:7: 1546 daAuts
     D:6: 1450 daAuts
     D:4: 1426 daAuts
  Lair:3: 1396 daAuts
     D:2: 1220 daAuts
  Lair:1: 1160 daAuts
     D:8: 1054 daAuts
     D:3: 999 daAuts
     D:1: 931 daAuts
  Temple: 301 daAuts
